 Dungeon Crawl Stone Soup version 0.17-a0-1468-gbf503c2 (webtiles) character file.

145415 ketsa the Bludgeoner (level 16, -1/136 HPs)
             Began as a Demonspawn Berserker on June 20, 2015.
             Was a High Priest of Trog.
             Shot with a bolt of flame by a naga sharpshooter (3 damage)
             ... on level 4 of the Snake Pit on July 1, 2015.
             The game lasted 03:27:13 (36835 turns).

ketsa the Bludgeoner (Demonspawn Berserker)        Turns: 36835, Time: 03:27:14

Health: -1/136     AC: 26    Str: 23    XL:     16   Next: 87%
Magic:  22/22      EV: 10    Int: 10    God:    Trog [*****.]
Gold:   2360       SH:  0    Dex: 13    Spells: 0 memorised, 15 levels left

rFire  . . .     SeeInvis +     x - +3 eveningstar (distort)
rCold  + . .     Clarity  .     w - +1 plate armour {rPois}
rNeg   . . .     SustAt   .     (no shield)
rPois  +         Gourm    .     T - +2 hat
rElec  .         Spirit   .     K - +0 cloak
rCorr  +         Warding  .     (gloves unavailable)
rMut   .         Stasis   .     u - +1 pair of boots
MR     +++..                    C - amulet of resist corrosion
Stlth  ..........               j - ring "Woguduta" {rC+ Stlth+}
                                B - ring of see invisible

@: regenerating, extremely resistant to hostile enchantments, extremely
unstealthy
A: claws 3, hooves 1, slimy green scales 2, demonic guardian 2, powered by death
2, robust 1
a: Burn Spellbooks, Berserk, Trog's Hand, Brothers in Arms, Renounce Religion


You were on level 4 of the Snake Pit.
You worshipped Trog.
Trog was extremely pleased with you.
You were full.

You visited 8 branches of the dungeon, and saw 37 of its levels.
You also visited: Labyrinth and Volcano.

You collected 2735 gold pieces.
You spent 375 gold pieces at shops.

Inventory:

Hand weapons
 a - the +9 eveningstar of Toabiphi {speed, rF++ Int-3}
   (Trog gifted it to you on level 7 of the Lair of Beasts)

   Attacks with this weapon are significantly faster.
   It affects your intelligence (-3).
   It greatly protects you from fire.
 i - the +5 mace of Sidoviga {venom, Stlth+, unknown}
   (Trog gifted it to you on level 3 of the Snake Pit)

   It poisons the flesh of those it strikes.
   It makes you more stealthy.
 x - a +3 eveningstar of distortion (weapon)
 G - a +4 dire flail of protection
 U - the +7 whip "Tuubluyn" {slash, rN+ MP+9 Int+7}
   (You found it on level 12 of the Dungeon)

   It inflicts extra damage upon your enemies.
   It affects your intelligence (+7).
   It protects you from negative energy.
   It affects your magic capacity (+9).
Missiles
 M - 3 javelins of returning (quivered)
 O - 10 javelins of penetration
Armour
 r - the +7 chain mail of Lobuohet {*Contam rN+ Str+4}
   (You took it off a minotaur in a labyrinth)

   It affects your strength (+4).
   It protects you from negative energy.
   It causes magical contamination when unequipped.
 u - a +1 pair of boots (worn)
 w - a +1 plate armour of poison resistance (worn)
 z - the +1 scale mail of a wizard's laboratory {rElec MP+9 Int+3}
   (You found it on level 4 of the Dungeon)

   It affects your intelligence (+3).
   It insulates you from electricity.
   It affects your magic capacity (+9).
 A - a +2 scale mail of fire resistance
 K - a +0 cloak (worn)
 T - a +2 hat (worn)
Jewellery
 g - an uncursed amulet of warding
 j - the ring "Woguduta" (right claw) {rC+ Stlth+}
   (You bought it in a shop on level 4 of the Orcish Mines)

   [ring of protection from cold]

   It protects you from cold.
   It makes you more stealthy.
 n - an uncursed amulet of guardian spirit
 o - an uncursed amulet of the gourmand
 v - an uncursed amulet of clarity
 B - a ring of see invisible (left claw)
 C - an amulet of resist corrosion (around neck)
 J - an uncursed ring of flight
 P - an uncursed ring of teleportation
Magical devices
 h - a wand of polymorph (4)
 p - a wand of frost (29)
 s - a wand of teleportation (5)
 t - a wand of digging (18)
 D - a wand of cold (3)
 F - a wand of digging (16)
 R - a wand of flame (12)
 S - a wand of cold (6)
Scrolls
 b - a scroll of blinking
 d - a scroll of enchant armour
 y - 4 scrolls of fog
 E - 2 scrolls of magic mapping
 H - 11 scrolls of teleportation
 I - a scroll of fear
 Q - 2 scrolls of summoning
 W - 9 scrolls of remove curse
Potions
 e - a potion of magic {unknown}
 f - 4 potions of flight
 k - a potion of haste
 l - 3 potions of lignification
 m - a potion of curing
 V - 2 potions of agility
 X - 3 potions of might
 Z - a potion of invisibility
Miscellaneous
 L - a sack of spiders
 N - a stone of tremors
 Y - a fan of gales
Comestibles
 c - 14 bread rations
 q - 9 meat rations


   Skills:
 + Level 10.9 Fighting
 + Level 18.6 Maces & Flails
 - Level 7.1 Throwing
 + Level 14.1 Armour
 - Level 5.7 Dodging
 + Level 8.5 Evocations


You had 15 spell levels left.
You didn't know any spells.

Dungeon Overview and Level Annotations

Branches:
Dungeon (14/15)            Temple (1/1) D:7            Lair (8/8) D:8
  Swamp (4/4) Lair:3        Snake (4/4) Lair:5        Slime (1/6) Lair:8
    Orc (4/4) D:10            Elf (1/3) Orc:4        Vaults (0/5) D:14

Altars:
Ashenzari
Cheibriados
Dithmenos
Elyvilon
Gozag
Kikubaaqudgha
Makhleb
Nemelex Xobeh
Okawaru
Qazlal
Ru
Sif Muna
Trog
Vehumet
Xom
Zin
The Shining One
Beogh

Shops:
Orc:1 *   Orc:2 =   Orc:4 %**[   Snake:1 %

Annotations:
Snake:3 exclusion: downstairs


Innate Abilities, Weirdness & Mutations

You have claws for hands.
You are mostly covered in slimy green scales (AC +3).
A demonic guardian rushes to your aid.
You regenerate health from kills.
You are robust (+10% HP).
You have large cloven feet.


Message History

* * * LOW HITPOINT WARNING * * *
You see here 2 bolts of flame.
You closely miss the naga sharpshooter.
The naga sharpshooter shoots a bolt of flame.
The bolt of flame hits you.
* * * LOW HITPOINT WARNING * * *
The bolt of flame burns you.
* * * LOW HITPOINT WARNING * * *
Drink which item? (? for menu, Esc to quit)
You feel better.
Your sun demon hits the naga sharpshooter!
The naga sharpshooter is engulfed in flames!
You impale the naga sharpshooter!!
The naga sharpshooter is severely wounded.
Your sun demon barely misses the naga sharpshooter.
The naga sharpshooter shoots a bolt of flame.
The bolt of flame hits you!
* * * LOW HITPOINT WARNING * * *
The bolt of flame burns you.
You die...

#..######.##..#.#..#..#..#
###........#...#'####.(#..#
#..........#..........(##.#
##........###...N....#.(#.#
##.......#..####...##..'.#
#.......####..#########.#
##.......................##
#...............((.(......##
#...........N@..............#
#............3................
##....##...........##.........
##.###.:...####...###........
### ##..### ###.# #########
#### ###


You could see a naga sharpshooter and a friendly sun demon.

Vanquished Creatures
  Saint Roka (Orc:4)
  Frances (D:13)
  A thorn hunter (Swamp:3)
  2 greater nagas
  Donald (Swamp:2)
  Louise (D:14)
  Josephine (Snake:1)
  6 vault guards (D:14)
  3 hydras
  2 catoblepae (Lair:8)
  3 naga warriors
  4 anacondas (Snake:4)
  The ghost of PeterLawrence the Fighter, an experienced MiFi of Okawaru (Volcano)
  3 centaur warriors
  7 alligators
  10 death yaks
  5 naga sharpshooters
  Urug (D:11)
  A shock serpent (Snake:4)
  2 salamander mystics (Snake:3)
  A fire crab (Lair:7)
  4 unseen horrors
  A sea snake (Snake:4)
  A spriggan druid (Swamp:3)
  A swamp dragon (Swamp:3)
  A naga ritualist (Snake:1)
  An orc knight (Orc:4)
  Pikel (D:7)
  4 oklob plants (Lair:8)
  6 mana vipers
  3 orc sorcerers
  A manticore (D:11)
  3 hornets
  3 salamanders
  6 hill giants
  2 cyclopes
  6 guardian serpents
  3 centaur zombies
  19 black mambas
  5 naga magi
  5 ugly things
  Psyche (D:12)
  16 spiny frogs
  7 komodo dragons
  4 centaur skeletons
  2 fire drakes
  4 trolls
  An efreet (D:11)
  A polar bear (Lair:8)
  A jumping spider (shapeshifter) (D:14)
  3 giant leeches
  A boulder beetle (Lair:5)
  11 blink frogs
  8 slime creatures
  A two-headed ogre (D:13)
  A hornet zombie (D:13)
  37 yaks
  4 spriggans
  2 wraiths (Snake:1)
  2 wyverns
  3 deep elf magi
  5 fire bats (Volcano)
  2 hogs (D:12)
  3 basilisks
  14 hippogriffs
  3 shadows
  A deep elf fighter (Elf:1)
  9 wolves (Lair:6)
  2 hungry ghosts
  16 vampire mosquitoes
  The ghost of urechis the Spear-Bearer, an average MfGl (D:3)
  10 swamp worms
  A steam dragon (D:13)
  12 insubstantial wisps
  23 nagas
  14 water moccasins
  2 wargs (Orc:3)
  A slave (D:7)
  A soldier ant (D:10)
  2 swamp drakes
  13 porcupines
  2 black bears
  A spider (D:10)
  2 necrophages
  33 orc warriors
  An ice beast (D:9)
  10 ogres
  5 phantoms
  4 wasps
  2 sky beasts
  18 centaurs
  2 big kobolds
  20 crocodiles
  20 giant frogs
  8 scorpions
  A water moccasin zombie (D:7)
  5 wights (D:10)
  6 crimson imps
  4 electric eels
  A giant frog skeleton (D:10)
  5 jellies
  2 gnoll shamans
  Crazy Yiuf (D:7)
  23 orc priests
  3 hounds
  2 lava snakes (Volcano)
  26 orc wizards
  A quasit (D:5)
  14 worker ants
  9 iguanas
  17 sheep
  3 hound skeletons
  10 adders
  15 gnolls
  Natasha (D:2)
  A shadow imp (D:14)
  54 river rats
  2 adder skeletons
  3 worms
  11 giant geckos
  187 orcs
  A ball python (D:3)
  14 bats
  2 bat zombies
  6 giant cockroaches
  37 hobgoblins
  31 kobolds
  7 quokkas
  7 giant newts
  25 goblins
  2 jackal zombies
  A quokka skeleton (D:5)
  14 rats
  2 briar patches (Swamp:3)
  A fungus (Lair:1)
  A plant (Lair:4)
1064 creatures vanquished.

Vanquished Creatures (collateral kills)
  Rupert (Lair:3)
  Gastronok (D:12)
  A thorn hunter (Swamp:3)
  Kirke (D:12)
  2 greater nagas
  Snorg (D:11)
  A minotaur (Lab)
  A vault guard (D:14)
  A centaur warrior (Volcano)
  A catoblepas (Lair:8)
  A naga warrior (Snake:4)
  A ghost crab (Swamp:3)
  A salamander stormcaller (D:10)
  2 anacondas
  8 death yaks
  Sonja (Orc:2)
  An ugly thing (D:12)
  A naga mage (Snake:4)
  2 salamanders (Snake:4)
  A black mamba (Snake:1)
  2 spiny frogs
  A centaur skeleton (D:12)
  A komodo dragon (Lair:3)
  A deep elf priest (Elf:1)
  A polar bear (Lair:6)
  A bog body (Swamp:3)
  2 blink frogs (Lair:1)
  2 spriggans (Swamp:2)
  A wyvern (D:11)
  A hog (D:12)
  8 yaks
  A deep elf fighter (Elf:1)
  2 vampire mosquitoes (Swamp:4)
  A basilisk (Lair:4)
  A hippogriff (D:7)
  5 nagas
  2 swamp worms (Swamp:3)
  2 insubstantial wisps (Swamp:3)
  A wolf (Lair:6)
  3 slaves (D:7)
  2 wasps (Swamp:2)
  3 water moccasins
  A swamp drake (Swamp:2)
  12 orc warriors (Orc:4)
  7 centaurs
  2 ogres (Orc:4)
  A giant frog (Lair:3)
  A crimson imp (D:6)
  2 orc wizards
  A hound (D:7)
  2 orc priests (Orc:2)
  Natasha (D:2)
  An iguana (D:7)
  A gnoll (D:6)
  17 orcs
  A bat (D:6)
  2 rats
  A briar patch (Swamp:3)
127 creatures vanquished.

Vanquished Creatures (others)
  2 naga warriors
  An alligator (Swamp:1)
  2 death yaks (Lair:3)
  2 anacondas
  2 naga sharpshooters (Snake:2)
  A naga ritualist (Snake:3)
  A mana viper (Snake:1)
  2 ugly things
  A hornet (Swamp:3)
  A naga mage (Snake:4)
  A cyclops (D:14)
  3 black mambas
  A giant leech (Swamp:2)
  A bog body (Swamp:4)
  A slime creature (Swamp:3)
  A vampire mosquito (Swamp:4)
  3 swamp worms
  3 nagas
  An insubstantial wisp (Swamp:3)
  An orc warrior (Orc:3)
  A worker ant (D:6)
  An orc (Orc:4)
  9 fungi
  A plant (Lair:8)
43 creatures vanquished.

Grand Total: 1234 creatures vanquished

Notes
Turn   | Place    | Note
--------------------------------------------------------------
     0 | D:1      | ketsa the Demonspawn Berserker began the quest for the Orb.
     0 | D:1      | Reached XP level 1. HP: 18/18 MP: 1/1
   180 | D:1      | Gained mutation: A weak demonic guardian rushes to your aid. [demonic ancestry]
   180 | D:1      | Reached XP level 2. HP: 16/24 MP: 2/2
   927 | D:2      | Gained mutation: You are partially covered in slimy green scales (AC +2). [demonic ancestry]
   927 | D:2      | Reached XP level 3. HP: 29/29 MP: 3/3
  1084 | D:2      | Noticed Natasha
  1089 | D:2      | Killed Natasha
  1145 | D:2      | Acquired Trog's second power
  1154 | D:2      | Noticed Natasha
  1163 | D:2      | Killed Natasha
  1163 | D:2      | Gained mutation: You regenerate a little health from kills. [demonic ancestry]
  1163 | D:2      | Reached XP level 4. HP: 27/35 MP: 4/4
  1250 | D:2      | Reached skill level 4 in Maces & Flails
  1408 | D:3      | Found a shattered altar of Ashenzari.
  1450 | D:3      | Noticed urechis's ghost (average MfGl)
  1472 | D:3      | Killed urechis's ghost
  1472 | D:3      | Gained mutation: You have sharp fingernails. [demonic ancestry]
  1472 | D:3      | Reached XP level 5. HP: 41/41 MP: 5/5
  1587 | D:3      | Found a radiant altar of Vehumet.
  1590 | D:3      | Found a sacrificial altar of Ru.
  1664 | D:3      | Reached skill level 5 in Maces & Flails
  1868 | D:3      | Found a shadowy altar of Dithmenos.
  1884 | D:3      | Reached XP level 6. HP: 47/47 MP: 6/6
  1890 | D:3      | Noticed a phantom
  1930 | D:3      | Killed a phantom
  1975 | D:3      | Found a glowing silver altar of Zin.
  1975 | D:3      | Found a white marble altar of Elyvilon.
  1975 | D:3      | Found a glowing golden altar of the Shining One.
  2290 | D:4      | Noticed an ogre
  2298 | D:4      | Killed an ogre
  2312 | D:4      | Noticed an ogre
  2327 | D:4      | Killed an ogre
  2327 | D:4      | Reached skill level 6 in Maces & Flails
  2525 | D:4      | Reached XP level 7. HP: 50/52 MP: 7/7
  3027 | D:4      | Acquired Trog's third power
  3145 | D:4      | Reached skill level 7 in Maces & Flails
  3227 | D:4      | Got a spiked scale mail
  3306 | D:4      | Identified the cursed +1 scale mail of a wizard's laboratory {rElec MP+9 Int+3} (You found it on level 4 of the Dungeon)
  3600 | D:5      | Entered Level 5 of the Dungeon
  3695 | D:5      | Reached skill level 5 in Armour
  3721 | D:5      | Gained mutation: You have very sharp fingernails. [demonic ancestry]
  3721 | D:5      | Reached XP level 8. HP: 50/58 MP: 8/8
  4188 | D:5      | Reached skill level 8 in Maces & Flails
  4657 | D:6      | Found an iron altar of Okawaru.
  4780 | D:6      | Found a deep blue altar of Sif Muna.
  4781 | D:6      | Found a sparkling altar of Nemelex Xobeh.
  4786 | D:6      | Found a snail-covered altar of Cheibriados.
  4850 | D:6      | Reached skill level 9 in Maces & Flails
  5244 | D:6      | Gained mutation: A demonic guardian rushes to your aid. [demonic ancestry]
  5244 | D:6      | Reached XP level 9. HP: 58/64 MP: 9/9
  5336 | D:7      | Found a staircase to the Ecumenical Temple.
  6044 | D:7      | Reached skill level 10 in Maces & Flails
  6161 | D:7      | Noticed Crazy Yiuf
  6173 | D:7      | Killed Crazy Yiuf
  6326 | D:6      | Upgraded the game from 0.17-a0-1403-g9df874c to 0.17-a0-1404-gb8113a6
  6500 | D:7      | Noticed Pikel
  6838 | D:8      | Received a gift from Trog
  6884 | D:8      | Found a staircase to the Lair.
  6893 | Lair:1   | Entered Level 1 of the Lair of Beasts
  7797 | Lair:1   | Reached XP level 10. HP: 59/73 MP: 10/10
  7808 | Lair:1   | Upgraded the game from 0.17-a0-1404-gb8113a6 to 0.17-a0-1411-g06ff558
  8035 | Lair:1   | Reached skill level 1 in Throwing
  8044 | Lair:1   | Noticed a spiny frog
  8055 | Lair:1   | Killed a spiny frog
  8166 | Lair:1   | Reached skill level 11 in Maces & Flails
  8347 | Lair:1   | Received a gift from Trog
  8377 | Lair:1   | Reached skill level 5 in Fighting
 10021 | Lair:3   | Noticed a black mamba
 10027 | Lair:3   | Killed a black mamba
 10257 | Lair:3   | Found a staircase to the Swamp.
 10342 | Lair:3   | Noticed Rupert
 10351 | Lair:3   | Killed Rupert
 10351 | Lair:3   | Reached skill level 12 in Maces & Flails
 10351 | Lair:3   | Gained mutation: You have claws for hands. [demonic ancestry]
 10351 | Lair:3   | Reached XP level 11. HP: 65/81 MP: 11/11
 10605 | Swamp:1  | Entered Level 1 of the Swamp
 11295 | Lair:4   | Received a gift from Trog
 11584 | Lair:4   | Noticed a death yak
 11585 | Lair:4   | Noticed a death yak
 11585 | Lair:4   | Noticed a death yak
 11585 | Lair:4   | Noticed a death yak
 11586 | Lair:4   | Noticed a death yak
 11586 | Lair:4   | Noticed a death yak
 11592 | Lair:4   | Killed a death yak
 11607 | Lair:4   | Killed a death yak
 11904 | Lair:5   | Found a dark tunnel.
 11916 | Volcano  | Entered a volcano
 11930 | Volcano  | Noticed PeterLawrence's ghost (experienced MiFi)
 11941 | Volcano  | Killed PeterLawrence's ghost
 11941 | Volcano  | Reached skill level 5 in Throwing
 12087 | Volcano  | Found a burning altar of Makhleb.
 12087 | Volcano  | Noticed a centaur warrior
 12098 | Volcano  | Killed a centaur warrior
 12616 | Lair:5   | Reached skill level 1 in Evocations
 12634 | Lair:5   | Received a gift from Trog
 12639 | Lair:5   | Reached skill level 13 in Maces & Flails
 12853 | Lair:5   | Gained mutation: You are mostly covered in slimy green scales (AC +3). [demonic ancestry]
 12853 | Lair:5   | Reached XP level 12. HP: 72/91 MP: 13/13
 12999 | Lair:5   | Found a staircase to the Snake Pit.
 13005 | Snake:1  | Entered Level 1 of the Snake Pit
 14276 | Lair:4   | Killed a death yak
 14278 | Lair:4   | HP: 5/138 [death yak (16)]
 14279 | Lair:4   | Killed a death yak
 14279 | Lair:4   | Received a gift from Trog
 14281 | Lair:4   | Killed a death yak
 14282 | Lair:4   | Killed a death yak
 15477 | Lair:2   | Reached skill level 10 in Armour
 15501 | Temple   | Entered the Ecumenical Temple
 15786 | D:7      | Killed Pikel
 16602 | D:10     | Entered Level 10 of the Dungeon
 16688 | D:10     | Received a gift from Trog
 16690 | D:10     | Found a staircase to the Orcish Mines.
 17079 | D:10     | Reached skill level 14 in Maces & Flails
 17369 | D:10     | Received a gift from Trog
 17381 | Orc:1    | Entered Level 1 of the Orcish Mines
 17519 | Orc:1    | Reached skill level 5 in Evocations
 18128 | D:11     | Noticed Snorg
 18130 | D:11     | Noticed Urug
 18133 | D:11     | Killed Snorg
 18133 | D:11     | Reached XP level 13. HP: 92/99 MP: 16/16
 18148 | D:11     | Killed Urug
 18739 | D:12     | Noticed a five-headed hydra
 18746 | D:12     | Noticed Psyche
 18750 | D:12     | Killed a five-headed hydra
 18753 | D:12     | Killed Psyche
 18769 | D:12     | Noticed Gastronok
 18800 | D:12     | Killed Gastronok
 18800 | D:12     | Received a gift from Trog
 18860 | D:13     | Found a labyrinth entrance.
 18874 | Lab      | Entered a labyrinth
 19469 | Lab      | Got an aquamarine-encrusted chain mail
 19548 | D:13     | Identified the +7 chain mail of Lobuohet {*Contam rN+ Str+4} (You took it off a minotaur in a labyrinth)
 20210 | D:13     | Noticed Frances
 20228 | D:13     | Killed Frances
 20879 | D:12     | Reached skill level 15 in Maces & Flails
 21035 | D:12     | Got a warped whip
 21352 | D:12     | Noticed Kirke
 21359 | D:12     | Killed Kirke
 21359 | D:12     | Reached skill level 10 in Fighting
 21762 | Lair:6   | Received a gift from Trog
 21973 | Lair:7   | Gained mutation: You regenerate health from kills. [demonic ancestry]
 21973 | Lair:7   | Reached XP level 14. HP: 101/110 MP: 19/19
 22164 | Lair:7   | Received a gift from Trog
 22170 | Lair:7   | Got a warped eveningstar {god gift}
 22171 | Lair:7   | Identified the +9 eveningstar of Toabiphi {speed, rF++ Int-3} (Trog gifted it to you on level 7 of the Lair of Beasts)
 22590 | Lair:8   | Entered Level 8 of the Lair of Beasts
 23049 | Lair:8   | Upgraded the game from 0.17-a0-1411-g06ff558 to 0.17-a0-1421-g95311d7
 23178 | Lair:8   | Found a staircase to the Slime Pits.
 23192 | Lair:8   | Reached skill level 16 in Maces & Flails
 23241 | Slime:1  | Entered Level 1 of the Pits of Slime
 23259 | Lair:8   | Reached skill level 5 in Dodging
 23455 | Lair:8   | Received a gift from Trog
 24675 | Orc:1    | Upgraded the game from 0.17-a0-1421-g95311d7 to 0.17-a0-1447-g3d113ad
 24715 | Orc:1    | Found Willett's Assorted Antiques.
 24738 | Orc:1    | Bought a scroll labeled XUCASE NATH for 25 gold pieces
 24935 | Orc:2    | Found a roughly hewn altar of Beogh.
 24940 | Orc:2    | Received a gift from Trog
 25068 | Orc:2    | Found Leum's Jewellery Emporium.
 25525 | Orc:4    | Entered Level 4 of the Orcish Mines
 25525 | Orc:4    | Found a roughly hewn altar of Beogh.
 25779 | Orc:4    | Received a gift from Trog
 26357 | Orc:2    | Noticed Sonja
 26368 | Orc:2    | Killed Sonja
 26632 | Orc:4    | Received a gift from Trog
 26671 | Orc:4    | Found a staircase to the Elven Halls.
 26682 | Elf:1    | Entered Level 1 of the Elven Halls
 26785 | Orc:4    | Received a gift from Trog
 26806 | Orc:4    | Gained mutation: You are robust (+10% HP). [demonic ancestry]
 26806 | Orc:4    | Reached XP level 15. HP: 110/126 MP: 20/20
 26986 | Orc:4    | Found Cippaff's Assorted Antiques.
 26986 | Orc:4    | Found Arim's General Store.
 26988 | Orc:4    | Found Fiocwo's Food Boutique.
 26990 | Orc:4    | Found Vomuulye's Armour Emporium.
 27235 | Orc:4    | Noticed Saint Roka
 27245 | Orc:4    | Killed Saint Roka
 27270 | Orc:4    | Received a gift from Trog
 27505 | Orc:4    | Bought a warped ivory ring for 175 gold pieces
 27505 | Orc:4    | Bought a scroll labeled TOUKETUA LULIL for 35 gold pieces
 27506 | Orc:4    | Identified the ring "Woguduta" {rC+ Stlth+} (You bought it in a shop on level 4 of the Orcish Mines)
 27514 | Orc:4    | Bought a potion of haste for 140 gold pieces
 27846 | D:14     | Noticed Louise
 27858 | D:14     | Killed Louise
 27876 | D:14     | Identified the +7 whip "Tuubluyn" {slash, rN+ MP+9 Int+7} (You found it on level 12 of the Dungeon)
 27899 | D:14     | Found a gate to the Vaults.
 27919 | D:14     | Reached skill level 17 in Maces & Flails
 28413 | Swamp:1  | Noticed a spriggan rider
 28461 | Swamp:1  | Noticed an eight-headed hydra
 28468 | Swamp:1  | Killed an eight-headed hydra
 28519 | Swamp:1  | Killed a spriggan
 28520 | Swamp:1  | Killed a wasp
 28774 | Swamp:1  | Noticed an alligator
 28783 | Swamp:1  | Killed an alligator
 28836 | Swamp:1  | Noticed a thorn hunter
 29338 | Swamp:2  | Noticed Donald
 29363 | Swamp:2  | Killed Donald
 29613 | Swamp:1  | Received a gift from Trog
 29751 | Snake:1  | Noticed an anaconda
 29756 | Snake:1  | Killed an anaconda
 29761 | Snake:1  | Noticed an anaconda
 29767 | Snake:1  | Banished an anaconda
 29972 | Snake:2  | Noticed a greater naga
 29983 | Lair:5   | Upgraded the game from 0.17-a0-1447-g3d113ad to 0.17-a0-1468-gbf503c2
 31707 | Swamp:3  | Noticed a thorn hunter
 31873 | Swamp:3  | Noticed a thorn hunter
 31904 | Swamp:3  | Killed a thorn hunter
 31904 | Swamp:3  | Reached skill level 18 in Maces & Flails
 31904 | Swamp:3  | Reached XP level 16. HP: 65/134 MP: 21/21
 32205 | Swamp:3  | Killed a thorn hunter
 32434 | Swamp:4  | Entered Level 4 of the Swamp
 32596 | Swamp:4  | Got a fine leather armour
 32925 | Lair:5   | Gained mutation: You have large cloven feet. [mutagenic glow]
 32995 | Snake:1  | Noticed a naga warrior
 33014 | Snake:1  | Killed a naga warrior
 33134 | Snake:1  | Found Zaostaq's Food Shop.
 33216 | Snake:1  | Noticed Josephine
 33227 | Snake:1  | Killed Josephine
 33642 | Snake:2  | Killed a greater naga
 33642 | Snake:2  | Received a gift from Trog
 34439 | Snake:4  | Entered Level 4 of the Snake Pit
 35499 | Snake:4  | Received a gift from Trog
 35954 | Snake:3  | Received a gift from Trog
 36212 | Snake:3  | Got a faintly glowing mace {god gift}
 36833 | Snake:4  | HP: 6/136 [naga sharpshooter/bolt of flame (6)]
 36835 | Snake:4  | HP: 2/136 [naga sharpshooter/bolt of flame (11)]
 36835 | Snake:4  | Shot with a bolt of flame by a naga sharpshooter

Vault maps used:
D:1:      dpeg_arrival_tiny_i
D:2:      first_bread, minmay_liquid_box, uniq_natasha
D:3:      good_gods_mini_temple, nicolae_overflow_hidden_temple,
          lemuel_round_altar
D:4:      corexii_shantytown
D:6:      gammafunk_temple_overflow_forgotten, nicolae_overflow_crystal_walls
D:7:      minmay_temple_entry_from_below_a, uniq_crazy_yiuf_cottage, uniq_pikel
D:8:      lair_0_dummy
D:10:     erik_orc_3, hangedman_pestilent_swarm
D:11:     uniq_snorg, uniq_urug
D:12:     uniq_kirke, uniq_gastronok, uniq_psyche
D:13:     lab_entry_generic, uniq_frances
D:14:     erik_vaults_2, fountainhead, grunt_ministairs_4, uniq_louise
Temple:   circular_temple_6
Lair:2:   minivault_11, beast_lair_carwin_6
Lair:3:   minmay_swamp_entry_eels, grunt_megastairs_3, lemuel_fruit_tree,
          uniq_rupert
Lair:5:   dummy_snake_entry, enter_volcano_3, infiniplex_staircase_pool_2
Lair:6:   grunt_forest_stairs_clearing
Lair:8:   evilmike_catoblepas_cave, minmay_slime_entry_oklob_open,
          eino_small_chamber_without_monster
Swamp:1:  evilmike_swamp_ruin_house_6, swamp_pool2
Swamp:2:  evilmike_swamp_ruin_rubble_2, uniq_donald
Swamp:3:  evilmike_swamp_ruin_rubble_1, swamp_pool1, infiniplex_staircase_pool
Swamp:4:  swamp_alternative
Snake:1:  serial_shops, nicolae_shop_crystal, nrook_guardian_serpent_ordinary,
          uniq_josephine
Snake:2:  nrook_guardian_serpent_snake_passage
Snake:4:  grunt_snake_rune_pools, nrook_guardian_serpent_double, uniq_norris
Orc:1:    serial_shops, shop
Orc:2:    basic_altar, serial_shops, shop, uniq_sonja
Orc:3:    nicolae_orc_pool_cavern
Orc:4:    st_orc_rangers, basic_altar, uniq_saint_roka
Elf:1:    eino_elf_arrival_shootout, serial_shops,
          nicolae_shop_overgrown_old_shop, evilmike_minifort,
          grunt_ministairs_3, sword_in_stone
Lab:      labyrinth_green, labyrinth_skeletal_remains, nicolae_lab_starburst,
          nicolae_lab_t_cross, nicolae_lab_stuck, nicolae_lab_flowing_pool,
          lab_hedge
Volcano:  volcano_grotto

Action                   |  1- 3 |  4- 6 |  7- 9 | 10-12 | 13-15 | 16-18 || total
-------------------------+-------+-------+-------+-------+-------+-------++-------
Melee: Mace              |    99 |   159 |    96 |       |       |       ||   354
       Flail             |       |       |   737 |   101 |       |       ||   838
       Great mace        |       |       |       |   781 |   393 |       ||  1174
       Dire flail        |       |       |       |       |    73 |       ||    73
       Eveningstar       |       |       |       |       |  1234 |   521 ||  1755
Throw: Tomahawk          |    10 |    12 |     6 |    11 |     9 |       ||    48
       Stone             |     3 |       |       |       |       |       ||     3
       Javelin           |       |       |       |     2 |    10 |    15 ||    27
Invok: Berserk           |       |     2 |     7 |     4 |     3 |     1 ||    17
       Trog's Hand       |       |     2 |     6 |     7 |    10 |     2 ||    27
       Burn Spellbooks   |       |       |       |     2 |     2 |       ||     4
       Brothers in Arms  |       |       |       |     1 |     5 |     2 ||     8
Evoke: Wand              |       |       |       |     4 |       |       ||     4
  Use: Potion            |     1 |       |     1 |     3 |    12 |     2 ||    19
       Scroll            |       |     4 |     2 |    19 |    21 |       ||    46
 Stab: Distracted        |       |       |     1 |     2 |     4 |     2 ||     9
  Eat: Chunk             |     1 |     7 |    25 |    30 |    34 |     6 ||   103
       Fruit             |       |       |     2 |    10 |     5 |     8 ||    25
       Beef jerky        |       |       |       |       |     2 |     1 ||     3
       Pizza             |       |       |       |       |     1 |       ||     1
       Bread ration      |       |       |       |       |     2 |     2 ||     4
